Selects Airborne Battlegroup
Selects Heavy Machine Gun Paradrop
Selects Smoke Bombing Run
Heavy Machine Gun Paradrop
Heavy Machine Gun Paradrop
Selects Paratrooper Squad Paradrop
Paratrooper Squad Paradrop
Paratrooper Squad Paradrop
Mechanized Support Center
Construct Medical Station
Selects Anti-tank Gun Team Paradrop
Selects Paradrop Reinforcements
M18 Hellcat Tank Destroyer
Anti-tank Gun Team Paradrop
Construct Weapon Support Center
M4A1(76) Sherman Medium Tank
Designate Forward Repair Station
Selects Carpet Bombing Run
M4(105) Sherman Bulldozer
Designate Forward Repair Station
M18 Hellcat Tank Destroyer
M4A1(76) Sherman Medium Tank
Anti-tank Gun Team Paradrop
M18 Hellcat Tank Destroyer
M4A1(76) Sherman Medium Tank
M3 Armored Personnel Carrier
Anti-tank Gun Team Paradrop
Heavy Machine Gun Paradrop
Anti-tank Gun Team Paradrop
Paratrooper Squad Paradrop
Heavy Machine Gun Paradrop
Paratrooper Squad Paradrop
Anti-tank Gun Team Paradrop
Heavy Machine Gun Paradrop